 Dungeon Crawl Stone Soup version 0.19.1 (webtiles) character file.

51 Haldmier the Ruffian (level 3, 0/31 HPs)
             Began as a Naga Transmuter on Dec 6, 2016.
             Slain by a goblin
             ... wielding a +0 dagger of flaming
             ... led by Robin
              (1 damage)
             ... on level 2 of the Dungeon.
             The game lasted 00:06:35 (1965 turns).

Haldmier the Ruffian (Naga Transmuter)              Turns: 1965, Time: 00:06:35

Health: 0/31       AC:  2    Str: 13    XL:     3   Next: 81%
Magic:  3/6        EV: 10    Int: 13    God:
Gold:   84         SH:  0    Dex: 11    Spells: 3 memorised, 0 levels left

rFire  . . .     SeeInvis +       - Unarmed
rCold  . . .     Gourm    .     v - +0 robe
rNeg   . . .     Faith    .     (no shield)
rPois  +         Spirit   .     (no helmet)
rElec  .         Reflect  .     (no cloak)
rCorr  .         Harm     .     (no gloves)
MR     .....                    (no barding)
Stlth  +.........               (no amulet)
                                (no ring)
                                (no ring)

@: appendage, very slow
A: horns 2, see invisible, deformed body, poison resistance, slowness 2, slow
metabolism 1, spit poison 1, AC +1
a: Spit Poison, End Transformation


You were on level 2 of the Dungeon.
You were not hungry.
You had grown temporary horns.
You visited 1 branch of the dungeon, and saw 2 of its levels.

You collected 84 gold pieces.

Inventory:

Hand Weapons
 b - a +0 hunting sling
Missiles
 a - 30 arrows
 n - 73 stones (quivered)
 q - 10 poisoned needles
 u - 25 sling bullets
Armour
 i - a +0 leather armour
 r - a +0 ring mail
 t - a cursed -1 buckler
 v - a +0 robe (worn)
Jewellery
 k - an uncursed ring of protection from fire {unknown}
 p - a +3 ring of intelligence {unknown}
Scrolls
 g - 4 scrolls of identify {unknown}
 l - a scroll of fog {unknown}
 m - 2 scrolls of remove curse {unknown}
 o - a scroll of enchant weapon {unknown}
 s - a scroll of blinking {unknown}
Potions
 e - a potion of mutation {unknown}
 w - a potion of heal wounds {unknown}
Books
 c - a book of Changes

   Spells                             Type                      Level
   a - Beastly Appendage              Transmutation                1
   b - Sticks to Snakes               Transmutation                2
   c - Spider Form                    Transmutation/Poison         3
   d - Ice Form                       Ice/Transmutation            4
   e - Blade Hands                    Transmutation                5
Comestibles
 d - 2 bread rations
 f - a chunk of flesh
 h - 3 meat rations
 j - a royal jelly


   Skills:
 - Level 1.0 Fighting
 - Level 1.5 Dodging
 + Level 3.9 Unarmed Combat
 - Level 2.0 Spellcasting
 + Level 3.1 Transmutations


You couldn't memorise any spells.
You knew the following spells:

 Your Spells              Type           Power        Failure   Level  Hunger
a - Beastly Appendage     Tmut           #.....       10%         1    ##.....
b - Sticks to Snakes      Tmut           #.......     12%         2    ###....
c - Spider Form           Tmut/Pois      #.........   38%         3    ####...


Dungeon Overview and Level Annotations

Branches:
Dungeon (2/15)

Altars:
Fedhas


Innate Abilities, Weirdness & Mutations

You cannot wear boots.
Your serpentine skin is tough. (AC +1)
You have supernaturally acute eyesight. (SInv)
Armour fits poorly on your strangely shaped body.
Your system is resistant to poisons. (rPois)
You cover ground very slowly.
You have a slow metabolism.
You can spit poison.
You have a pair of horns on your head.


Message History

Casting: Sticks to Snakes
Confirm with . or Enter, or press ? or * to list all spells.
You grow a pair of large bovine horns.
The goblin hits you with a dagger.
* * * LOW HITPOINT WARNING * * *
You take 2 damage, and have 7/31 hp.
You now have 3/6 mp.
You barely miss the goblin. Your headbutt misses the goblin.
The goblin hits you but does no damage.
Your ball python closely misses the goblin.
Your ball python grabs the goblin.
Your ball python constricts the goblin.
The goblin closely misses you.
You punch the goblin!
You kill the goblin!
You closely miss the goblin. Your headbutt misses the goblin.
Your ball python bites the goblin.
Your ball python grabs the goblin.
Your ball python constricts the goblin.
The goblin hits you.
* * * LOW HITPOINT WARNING * * *
The goblin hits you with a dagger of flaming.
* * * LOW HITPOINT WARNING * * *
The goblin burns you.
You die...

#P≈P≈♣♣♣≈PP≈..#.##[###.#
##P.PP≈♣≈♣≈.≈P≈..<.....#
#..P≈P≈≈♣♣≈≈≈≈P≈##.##..
#######≈P≈PP≈P♣≈≈≈##.....
#.........PP≈≈P≈PP##.....
#......#..#..##.####....) ##
#......#.>...............
#..##......##########.##.....
##.........gg@..........+.....
...###......#gS........##.....
#...........#...........+.....
..##.......#.........###.....
#.#'#####.........# ###### g
#.....####################
#...####.#.'.....#...........#.
#....g)..#######.#.#########.#.
#...####.# #.....#.....#.....#.


You could see a hobgoblin, 2 goblins and a friendly ball python.

Vanquished Creatures
  3 dart slugs (D:1)
  A leopard gecko (D:2)
  5 bats
  A giant cockroach (D:2)
  7 goblins
  5 hobgoblins
  8 jackals (D:1)
  3 frilled lizards (D:1)
  5 kobolds
  3 rats
41 creatures vanquished.

Notes
Turn   | Place    | Note
-------+----------+-------------------------------------------
     0 | D:1      | Haldmier the Naga Transmuter began the quest for the Orb.
     0 | D:1      | Reached XP level 1. HP: 18/18 MP: 3/3
   110 | D:1      | Reached XP level 2. HP: 17/25 MP: 3/5
   737 | D:1      | Reached XP level 3. HP: 23/31 MP: 6/6
  1486 | D:1      | Learned a level 2 spell: Sticks to Snakes
  1490 | D:1      | Learned a level 3 spell: Spider Form
  1671 | D:2      | Found a blossoming altar of Fedhas.
  1965 | D:2      | HP: 1/31 [goblin/dagger of flaming[Robin] (5)]
  1965 | D:2      | Slain by a goblin

Skill      XL: |  1  2  3 |
---------------+----------+-----
Transmutations | 3 |  3.1
Fighting       | |  1.0
Dodging        | |  1.5
Unarmed Combat | |  3.9
Spellcasting   | |  2.0

Action                   || total
-------------------------++-------
Melee: Unarmed           ||   106
       Punch             ||     3
       Headbutt          ||    11
 Fire: Hunting sling     ||     6
 Cast: Beastly Appendage ||    20
       Sticks to Snakes  ||     1
 Abil: Spit Poison       ||     4
  Eat: Chunk             ||     3
Armor: Robe              ||    17
Dodge: Dodged            ||    50
